 Dungeon Crawl Stone Soup version 0.18.1-50-g88ac8fd (webtiles) character file.

1428 Amnesiac the Covered (level 8, -1/46 HPs)
             Began as a Deep Elf Fighter on Mar 2, 2018.
             Was a Priest of Pakellas.
             Killed from afar by a kobold (28 damage)
             ... with a wand of lightning
             ... on level 5 of the Dungeon.
             The game lasted 00:11:41 (7005 turns).

Amnesiac the Covered (Deep Elf Fighter)             Turns: 7005, Time: 00:11:42

Health: -1/46      AC: 13    Str: 15    XL:     8   Next: 44%
Magic:  13/14      EV: 10    Int: 14    God:    Pakellas [***...]
Gold:   242        SH:  9    Dex: 14    Spells: 2 memorised, 5 levels left

rFire  . . .     SeeInvis .     a - +2 dagger (drain)
rCold  . . .     Gourm    .     h - +0 scale mail
rNeg   . . .     Faith    .     c - +0 shield
rPois  .         Spirit   .     q - +0 helmet
rElec  .         Dismiss  .     E - +0 cloak
rCorr  .         Reflect  .     G - +0 pair of gloves
SustAt .         Harm     +     D - +1 pair of boots
MR     .....                    x - amulet of harm
Stlth  ..........               (no ring)
                                w - ring of flight

@: not resistant to hostile enchantments, extremely unstealthy
A: no striking features
a: Quick Charge, Device Surge, Renounce Religion, Evoke Flight


You were on level 5 of the Dungeon.
You worshipped Pakellas.
Pakellas was most pleased with you.
You were hungry.

You visited 2 branches of the dungeon, and saw 6 of its levels.

You collected 242 gold pieces.

Inventory:

Hand Weapons
 a - a +2 dagger of draining (weapon)
 b - a +0 blowgun
 m - a +1 short sword of speed
Missiles
 g - 21 poisoned needles
 I - 7 curare-tipped needles
Armour
 c - a +0 shield (worn)
 h - a +0 scale mail (worn)
 q - a +0 helmet (worn)
 D - a +1 pair of boots (worn)
 E - a +0 cloak (worn)
 G - a +0 pair of gloves (worn)
Jewellery
 w - a ring of flight (left hand)
 x - an amulet of harm (around neck)
Wands
 j - a wand of iceblast (3/15)
 k - a wand of heal wounds (4/9)
 y - a wand of slowing (33/48)
Scrolls
 e - 4 scrolls of remove curse {!r}
 u - 4 scrolls of magic mapping {!r}
 A - a scroll of identify {!r}
 B - a scroll of teleportation {!r, unknown}
Potions
 d - a potion of might {!q}
 l - 2 potions of agility {!q}
 n - 4 potions of curing {!q, unknown}
 o - a potion of invisibility {!q, unknown}
 p - a potion of degeneration {!q, unknown}
 r - a potion of magic {!q, unknown}
 s - a potion of mutation {!q, unknown}
 v - a potion of lignification {!q, unknown}
 F - 2 potions of heal wounds {!q, unknown}
Comestibles
 f - 8 bread rations
 i - 2 meat rations
 t - 4 fruits
 z - 2 slices of pizza


   Skills:
 - Level 3.0 Fighting
 - Level 2.0 Short Blades
 - Level 6.0 Armour
 - Level 6.0 Dodging
 - Level 3.1 Shields
 + Level 5.6 Evocations


You had 5 spell levels left.
You knew the following spells:

 Your Spells              Type           Power        Failure   Level  Hunger
a - Apportation           Tloc           #.........   100%        1    ##.....
b - Summon Butterflies    Summ           #.......     100%        1    ##.....


Dungeon Overview and Level Annotations

Branches:
Dungeon (5/15)             Temple (1/1) D:5

Altars:
Ashenzari
Cheibriados
Dithmenos
Elyvilon
Kikubaaqudgha
Nemelex Xobeh
Okawaru
Pakellas
Qazlal
Sif Muna
Xom
The Shining One


Message History

You block the big kobold's attack.
The orc wizard hits the plant with a dagger.
You completely miss the big kobold.
The big kobold is severely wounded.
The kobold hits the plant.
You block the big kobold's attack.
The orc wizard hits the plant but does no damage.
You hit the big kobold.
The big kobold is severely wounded.
The kobold hits the plant but does no damage.
You block the big kobold's attack.
The orc wizard casts a spell.
The orc wizard flickers and vanishes!
Deactivating autopickup; reactivate with Ctrl-A.
The kobold completely misses the plant.
The kobold hits the plant but does no damage.
You closely miss the big kobold.
The big kobold is severely wounded.
You block the big kobold's attack.
Something completely misses the plant.
The kobold hits the plant but does no damage. x3
You block the big kobold's attack.
You hear some strange, mumbled words.
Your shield and scale mail prevent you from hitting the big kobold.
The big kobold is severely wounded.
Something hits the plant.
The kobold hits the plant but does no damage.
The kobold hits the plant with a short sword.
The kobold hits the plant.
You block the big kobold's attack.
A kobold comes into view.
The kobold shouts!
You hit the big kobold. You drain the big kobold!
You kill the big kobold!
Pakellas accepts your kill.
Pakellas collects the excess magic power.
Something hits the plant.
The kobold hits the plant but does no damage.
The plant is poisoned.
Something hits the plant but does no damage.
You hit the kobold. You drain the kobold!
You kill the kobold!
Pakellas accepts your kill.
Something hits the plant but does no damage.
The kobold unwields an uncursed short sword.
The kobold wields a blowgun.
The kobold shoots a poisoned needle.
The poisoned needle barely misses you.
The poisoned needle hits the plant!
The kobold hits the plant but does no damage.
The plant looks even sicker.
Things that are here:
a short sword; a big kobold corpse You closely miss the kobold.
Something hits the plant but does no damage.
The kobold unwields an uncursed blowgun.
The kobold wields an uncursed short sword.
The kobold barely misses you.
Something hits the plant but does no damage.
The kobold hits the plant but does no damage.
Your shield and scale mail prevent you from hitting the kobold.
Something hits the plant but does no damage.
The kobold zaps a wand.
The bolt of lightning hits the plant.
The bolt of lightning hits the kobold.
The kobold dies!
The bolt of lightning hits you!
Ouch! That really hurt!
You die...
Pakellas says: Back to the drawing board!

.. ###.........###..
. .. ########.## ##.
....♣♣ #.# ## ....P.
#####.# # §†....#
♣##..##.# #
§....♣K♣# #.P..##.#
# K....KK{♣##
.P..##.# ## ♣P)PP##
#..##.# #.
♣♣♣@.P####.##(#####.
#....P♣#...#..(.#..
##PP...#.#...##((..
####PPP.P...####.#.†
#.####P....## #.#..
#....###♣..# #....
#####..####..# #.#..
#.# #.......(# #.#..
#.###........# #....


You could see 3 kobolds.

Vanquished Creatures
  The ghost of Amnesiac the Cutter, an amateur DEFi (D:5)
  A sky beast (D:5)
  A big kobold (D:5)
  4 scorpions
  A howler monkey (D:4)
  4 crimson imps
  3 hounds
  A jelly (D:5)
  An orc priest (D:5)
  4 orc wizards
  Jessica (D:2)
  An iguana (D:5)
  Natasha (thrice) (D:4)
  4 worker ants
  A worker ant zombie (D:5)
  Robin (D:2)
  3 gnolls (D:2)
  6 adders
  3 oozes
  2 worms
  5 dart slugs
  3 giant geckos
  17 orcs
  4 ball pythons
  12 bats
  6 giant cockroaches
  21 goblins
  9 hobgoblins
  6 jackals
  3 quokkas (D:5)
  7 giant newts
  22 kobolds
  13 rats
174 creatures vanquished.

Vanquished Creatures (collateral kills)
  3 kobolds (D:5)
3 creatures vanquished.

Vanquished Creatures (others)
  A kobold (D:5)
  22 fungi (D:4)
  2 plants (D:5)
25 creatures vanquished.

Grand Total: 202 creatures vanquished

Notes
Turn   | Place    | Note
--------------------------------------------------------------
     0 | D:1      | Amnesiac the Deep Elf Fighter began the quest for the Orb.
     0 | D:1      | Reached XP level 1. HP: 13/13 MP: 3/3
    38 | D:1      | Reached skill level 1 in Dodging
   330 | D:3      | Found an iron altar of Okawaru.
   348 | D:3      | Reached XP level 2. HP: 4/18 MP: 4/4
   569 | D:3      | Found a shattered altar of Ashenzari.
   878 | D:3      | Found a shimmering altar of Xom.
   879 | D:3      | Noticed a crimson imp
   879 | D:3      | Noticed a crimson imp
   880 | D:3      | Noticed a crimson imp
   880 | D:3      | Noticed a crimson imp
   891 | D:3      | Reached XP level 3. HP: 22/22 MP: 5/5
  1081 | D:4      | Reached XP level 4. HP: 14/27 MP: 6/6
  1713 | D:2      | Noticed Robin
  1723 | D:2      | Reached XP level 5. HP: 31/31 MP: 7/7
  1787 | D:2      | Killed Robin
  1816 | D:2      | Noticed Jessica
  1824 | D:2      | Killed Jessica
  2081 | D:3      | Learned a level 1 spell: Apportation
  2083 | D:3      | Learned a level 1 spell: Summon Butterflies
  2160 | D:4      | Noticed Natasha
  2168 | D:4      | Killed Natasha
  2168 | D:4      | Reached XP level 6. HP: 13/36 MP: 8/8
  2642 | D:4      | Noticed Natasha
  2649 | D:4      | Killed Natasha
  2689 | D:4      | Reached skill level 5 in Armour
  2933 | D:4      | Noticed Natasha
  2939 | D:4      | Killed Natasha
  3077 | D:4      | Reached skill level 5 in Dodging
  3500 | D:4      | Reached XP level 7. HP: 37/40 MP: 9/9
  3779 | D:5      | Entered Level 5 of the Dungeon
  4039 | D:5      | Found a staircase to the Ecumenical Temple.
  4049 | Temple   | Entered the Ecumenical Temple
  4056 | Temple   | Became a worshipper of Pakellas the Inventive
  4790 | D:1      | Reached * piety under Pakellas
  4790 | D:1      | Received a gift from Pakellas
  5359 | D:2      | Reached ** piety under Pakellas
  5359 | D:2      | Received a gift from Pakellas
  6258 | D:5      | Reached *** piety under Pakellas
  6258 | D:5      | Received a gift from Pakellas
  6265 | D:5      | Reached skill level 1 in Evocations
  6272 | D:5      | Reached XP level 8. HP: 46/46 MP: 11/11
  6858 | D:5      | Noticed Amnesiac's ghost (amateur DEFi)
  6911 | D:5      | Killed Amnesiac's ghost
  6911 | D:5      | Reached skill level 5 in Evocations
  7005 | D:5      | Killed from afar by a kobold

Skill      XL: |  1  2  3  4  5  6  7  8 |
---------------+-------------------------+-----
Dodging        | 2 3 4 5 6 |  6.0
Armour         | 3 4 5 6 |  6.0
Fighting       | 3 |  3.0
Shields        | 3 |  3.1
Evocations     | 2 5 |  5.6
Short Blades   | |  2.0

Action                   |  1- 3 |  4- 6 |  7- 9 || total
-------------------------+-------+-------+-------++-------
Melee: Rapier            |    36 |       |       ||    36
       Flail             |    24 |   169 |   180 ||   373
       Dagger            |       |    19 |   215 ||   234
Evoke: Wand              |       |       |     3 ||     3
       Phantom mirror    |       |       |     1 ||     1
  Use: Scroll            |       |     3 |       ||     3
  Eat: Chunk             |     1 |     7 |    12 ||    20
Armor: Scale mail        |    17 |   100 |   149 ||   266
Dodge: Dodged            |    16 |    93 |   154 ||   263
Block: Shield            |    26 |   118 |   187 ||   331
